 Dungeon Crawl Stone Soup version 0.31-a0-940-gdaa99269f9 (webtiles) character file.

Game seed: 17804125948401649660

9870 Joey1 the Severer (level 11, -3/55 (99) HPs)
             Began as a Minotaur Berserker on Oct 19, 2023.
             Was a High Priest of Trog.
             Asphyxiated
             ... on level 11 of the Dungeon on Oct 20, 2023.
             The game lasted 00:20:22 (8799 turns).

Joey1 the Severer (Minotaur Berserker)              Turns: 8799, Time: 00:20:23

HP:   -3/55 (99)    AC: 14    Str: 24 (25) XL:     11   Next: 28%
MP:   10/10         EV:  6    Int:  3 (4)  God:    Trog [*****.]
Gold: 489           SH: 10    Dex:  8 (11) Spells: 10/10 levels left

rFire   + . .        G - +0 war axe
rCold   . . .        L - +0 kite shield
rNeg    . . .        q - +0 plate armour
rPois   .            K - +0 hat
rElec   .            d - +0 cloak
rCorr   .            (no gloves)
SInv    .            g - +0 pair of boots
Will    .....        y - amulet of regeneration Stlth
                     m - ring of protection from fire
HPRegen 1.09/turn    (no ring)
MPRegen 0.12/turn

%: no passive effects
@: lethally poisoned (-3 -> -6), on berserk cooldown, hasted and slowed, very
heavily drained
A: horns 2, retaliatory headbutt
a: Renounce Religion, Berserk, Trog's Hand, Brothers in Arms


You were on level 11 of the Dungeon.
You worshipped Trog.
Trog was extremely pleased with you.
You visited 2 branches of the dungeon, and saw 12 of its levels.

You collected 602 gold pieces.
You spent 113 gold pieces at shops.

Inventory:

Hand Weapons
 a - a +0 hand axe
 w - a +0 mace of protection
 F - a +0 morningstar
 G - a +0 war axe (weapon)
Missiles
 v - 41 poisoned darts
 H - 4 throwing nets
Armour
 b - a +0 animal skin
 d - a +0 cloak (worn)
 g - a +0 pair of boots (worn)
 i - a +0 leather armour
 q - a +0 plate armour (worn)
 K - a +0 hat (worn)
 L - a +0 kite shield (worn)
Jewellery
 m - a ring of protection from fire (left hand)
 t - a ring of fire
 y - an amulet of regeneration (around neck)
 C - an amulet of reflection
Wands
 r - a wand of flame (41)
 O - a wand of light (5)
Scrolls
 c - a scroll of silence {unknown}
 k - 3 scrolls of amnesia
 l - 4 scrolls of poison
 n - 2 scrolls of noise {unknown}
 p - 4 scrolls of teleportation
 s - a scroll of fear {unknown}
 x - 3 scrolls of enchant weapon {unknown}
 A - a scroll of acquirement {unknown}
 E - 2 scrolls of immolation {unknown}
 I - a scroll of revelation {unknown}
 M - a scroll of fog {unknown}
Potions
 e - 6 potions of enlightenment
 f - a potion of attraction
 h - 4 potions of berserk rage
 j - 2 potions of lignification
 u - a potion of brilliance
 z - 2 potions of might
 D - a potion of degeneration
 J - a potion of magic {unknown}
 N - a potion of resistance {unknown}


   Skills:
 - Level 10.0 Fighting
 - Level 16.0 Axes
 - Level 5.0 Armour
 - Level 2.1 Dodging
 + Level 9.8 Shields


You had 10 spell levels left.
You didn't know any spells.
Your spell library was empty.

Dungeon Overview and Level Annotations

Branches:
Dungeon (11/15)            Temple (1/1) D:6             Orc (0/2) D:10
   Lair: D:8-11

Altars:
Ashenzari
Cheibriados
Dithmenos
Elyvilon
Fedhas
Gozag
Hepliaklqana
Kikubaaqudgha
Makhleb
Nemelex Xobeh
Okawaru
Qazlal
Ru
Sif Muna
Trog
Uskayaw
Vehumet
Wu Jian
Xom
Yredelemnul
Zin
The Shining One

Shops:
D:2 *[*(:   D:8 *

Portals:
Trove: D:10 (show abyssal rune of Zot)

Annotations:
D:11 Sonja
Temple 2 transporters


Innate Abilities, Weirdness & Mutations

You have a pair of horns on your head.
You reflexively headbutt those who attack you in melee.


Message History

You feel better.
Sonja hits you with a +1 short sword of draining.
* * * LOW HITPOINT WARNING * * *
You feel drained.
* * * LOW HITPOINT WARNING * * *
You block Sonja's attack. x2
Sonja gestures wildly while chanting.
Sonja blinks!
You feel better.
Sonja twirls her cape.
Sonja hits you but does no damage.
You feel drained. Sonja hits you but does no damage.
You feel drained.
Sonja hits you with a +1 short sword of draining.
* * * LOW HITPOINT WARNING * * *
You feel drained.
* * * LOW HITPOINT WARNING * * *
Sonja hits you with a +1 short sword of draining!
* * * LOW HITPOINT WARNING * * *
You feel drained.
* * * LOW HITPOINT WARNING * * *
You block Sonja's attack. Sonja hits you but does no damage.
You feel drained.
It was a potion of degeneration.
There was something very wrong with that liquid.
You feel weakened.
You feel dopey.
You feel clumsy.
Sonja mumbles some strange words.
Sonja blinks!
You feel yourself speed up.
Sonja mumbles some strange words.
Sonja blinks!
Aiming: Bolt of Light
Press: ? - help, Q - select action, (/) - cycle Shift-Dir - straight line, f - Sonja
Aim: Sonja, wielding a +1 short sword of draining and quivering curare-tipped darts (moderately wounded, 29% to hit)
The bolt of light hits Sonja!
Sonja is almost dead.
Sonja is blinded.
Sonja throws a curare-tipped dart.
You block the curare-tipped dart.
Sonja throws a curare-tipped dart.
The curare-tipped dart hits you.
You are poisoned.
You have difficulty breathing.
You die...

###########
############.........####
..........†.....@§.K....#
############.#######.#......
#.# #.# ....# #.# ... ....
#.# ###. l.. #.# .. .. #.#
.. K ##.## ..K
########...####


You could see Sonja (blind).

Vanquished Creatures
  Gastronok (D:9)
  Harold (D:9)
  A vault guard (D:10)
  Erica (D:10)
  A two-headed ogre (D:10)
  A gargoyle (D:11)
  An unseen horror (D:10)
  A komodo dragon (D:11)
  3 trolls
  Prince Ribbit (D:5)
  Sigmund (D:2)
  A wraith (D:11)
  A wyvern (D:9)
  2 vampire mosquitoes (D:11)
  A steam dragon (D:9)
  A water moccasin (D:6)
  3 orc warriors
  A sky beast (D:7)
  3 black bears
  2 ogres (D:6)
  3 centaurs
  4 wolves (D:11)
  2 kobold brigands (D:8)
  2 bullfrogs (D:7)
  2 gnoll sergeants (D:10)
  A scorpion (D:5)
  7 wights
  3 howler monkeys
  6 hounds
  3 jellies
  8 orc priests
  A sleepcap (D:5)
  2 iguanas
  23 orc wizards
  Robin (D:4)
  15 gnolls
  12 adders
  2 ufetubi (D:5)
  2 dart slugs
  50 orcs
  5 endoplasms
  7 giant cockroaches
  5 hobgoblins
  15 jackals
  4 quokkas
  5 ball pythons
  7 bats
  A frilled lizard (D:2)
  17 goblins
  17 kobolds
  9 rats
269 creatures vanquished.

Notes
Turn   | Place    | Note
-------+----------+-------------------------------------------
     0 | D:1      | Joey1 the Minotaur Berserker began the quest for the Orb.
     0 | D:1      | Reached XP level 1. HP: 19/19 MP: 0/0
   139 | D:1      | Reached skill level 4 in Axes
   152 | D:1      | Reached XP level 2. HP: 27/27 MP: 1/1
   644 | D:1      | Reached ** piety under Trog
   645 | D:1      | Reached XP level 3. HP: 33/33 MP: 2/2
   971 | D:2      | Found Piff's Assorted Antiques.
  1006 | D:2      | Bought a glowing clear potion for 21 gold pieces
  1006 | D:2      | Bought a scroll labelled CIDWEUM ROEDUH for 24 gold pieces
  1006 | D:2      | Bought a scroll labelled YSIAKU TIUMO for 24 gold pieces
  1135 | D:2      | Reached XP level 4. HP: 40/40 MP: 3/3
  1168 | D:2      | Reached skill level 5 in Axes
  1180 | D:2      | Found Limirchy's Book Boutique.
  1325 | D:2      | Found Baedycig's Antique Weapon Shoppe.
  1364 | D:2      | Found Larghaeg's Assorted Antiques.
  1368 | D:2      | Bought a scroll labelled WUHOIR MISU for 22 gold pieces
  1368 | D:2      | Bought a scroll labelled WUHOIR MISU for 22 gold pieces
  1389 | D:2      | Found Lyuwn's Antique Armour Shop.
  1533 | D:2      | Noticed Sigmund
  1557 | D:2      | Killed Sigmund
  1558 | D:2      | Reached skill level 5 in Fighting
  1558 | D:2      | Reached skill level 6 in Axes
  1558 | D:2      | Reached XP level 5. HP: 36/48 MP: 4/4
  1919 | D:3      | Reached XP level 6. HP: 47/56 MP: 5/5
  2459 | D:3      | Reached skill level 7 in Axes
  2610 | D:4      | Reached *** piety under Trog
  2611 | D:4      | Noticed Robin
  2617 | D:4      | Killed Robin
  2727 | D:4      | Reached skill level 5 in Armour
  2801 | D:4      | Reached XP level 7. HP: 53/61 MP: 6/6
  2841 | D:4      | You fall into a shaft and drop 3 floors!
  2866 | D:7      | Reached skill level 8 in Axes
  3039 | D:5      | Entered Level 5 of the Dungeon
  3098 | D:5      | Reached skill level 9 in Axes
  3511 | D:4      | Identified the +0 dagger "Yfithrobbeq" {speed, Str+4}
  3946 | D:5      | Reached skill level 10 in Axes
  4073 | D:5      | Reached XP level 8. HP: 68/68 MP: 7/7
  4091 | D:5      | Noticed Prince Ribbit
  4152 | D:5      | Killed Prince Ribbit
  4153 | D:5      | Reached skill level 11 in Axes
  4614 | D:6      | Reached skill level 12 in Axes
  4628 | D:6      | Reached **** piety under Trog
  4650 | D:6      | Found a staircase to the Ecumenical Temple.
  4969 | D:6      | Reached skill level 13 in Axes
  4985 | D:6      | Reached XP level 9. HP: 63/74 MP: 8/8
  5316 | Temple   | Found a transporter.
  5316 | Temple   | Found a transporter.
  5316 | Temple   | Found a transporter.
  5316 | Temple   | Found a transporter.
  5316 | Temple   | Entered the Ecumenical Temple
  6107 | D:8      | Identified the +3 robe "Uthive" {rF+}
  6133 | D:8      | Reached skill level 14 in Axes
  6315 | D:8      | Reached ***** piety under Trog
  6327 | D:8      | Found Hoajih's Overcharged Wands.
  7111 | D:9      | Found a stormy altar of Qazlal.
  7223 | D:9      | Noticed Harold
  7231 | D:9      | Killed Harold
  7232 | D:9      | Reached skill level 15 in Axes
  7232 | D:9      | Reached XP level 10. HP: 88/88 MP: 9/9
  7370 | D:9      | Noticed Gastronok
  7378 | D:9      | Killed Gastronok
  7379 | D:9      | Reached skill level 16 in Axes
  7709 | D:10     | Entered Level 10 of the Dungeon
  7764 | D:10     | Noticed a two-headed ogre
  7777 | D:10     | Killed a two-headed ogre
  7778 | D:10     | Reached skill level 10 in Fighting
  7823 | D:10     | Noticed Erica
  7838 | D:10     | Killed Erica
  7839 | D:10     | Reached skill level 5 in Shields
  7903 | D:10     | Found a staircase to the Orcish Mines.
  7957 | D:9      | Upgraded the game from 0.31-a0-931-g7b59d4eb97 to
                  | 0.31-a0-940-gdaa99269f9
  8129 | D:10     | Found a glowing silver altar of Zin.
  8129 | D:10     | Found an ancient bone altar of Kikubaaqudgha.
  8130 | D:10     | Found a bloodstained altar of Trog.
  8160 | D:10     | Found a sparkling altar of Nemelex Xobeh.
  8321 | D:10     | Noticed a vault guard
  8332 | D:10     | Killed a vault guard
  8333 | D:10     | Reached XP level 11. HP: 99/99 MP: 10/10
  8372 | D:10     | Found a portal to a secret trove of treasure.
  8742 | D:11     | Noticed Sonja
  8783 | D:11     | HP: 3/94 [Sonja/+1 short sword of draining (6)]
  8795 | D:11     | HP: 2/56 [Sonja/+1 short sword of draining (1)]
  8799 | D:11     | Asphyxiated

Illustrated notes

Levels and vault maps discovered:
D:1:      tarquinn_simple_flora_water_b, layout_loops_ring
D:2:      layout_loops_cross, serial_shops, shop_coins, shop,
          nicolae_diamond_shop, shop, shop, uniq_sigmund
D:3:      layout_rooms, serial_rivers, chequers_serial_rivers_small_b,
          chequers_serial_rivers_small_3, chequers_serial_rivers_marsh,
          chequers_serial_rivers_room_a
D:4:      layout_basic, uniq_robin
D:5:      layout_basic, uniq_prince_ribbit1
D:6:      layout_loops_ring, minmay_temple_entry_grid
D:7:      layout_basic
D:8:      layout_loops_ring, kennysheep_donut, nrook_mini_vaults,
          chequers_serial_rivers_micro_a, supply_closet_lemuel,
          nicolae_shop_overcharged_wands
D:9:      layout_irregular_city, mainiacjoe_overflow_24_doors, uniq_gastronok,
          uniq_harold
D:10:     layout_roguey, mainiacjoe_overflow_brackets,
          gammafunk_temple_overflow_claw, minmay_orc_entry_temple_small,
          enter_trove_5, uniq_erica
D:11:     layout_loops_ring, erik_lair_island, portal_ice_cave_entry_pillars_2,
          serial_shops, shop, uniq_sonja
Temple:   hellmonk_temple_divided_pantheon

Skill      XL: |  1  2  3  4  5  6  7  8  9 10 11 |
---------------+----------------------------------+-----
Axes           | 4 6 7 10 13 15 16 | 16.0
Fighting       | 4 5 7 10 | 10.0
Armour         | 3 4 5 |  5.0
Shields        | 7 9 |  9.8
Dodging        | |  2.1

Action                     |  1- 3 |  4- 6 |  7- 9 | 10-12 || total
---------------------------+-------+-------+-------+-------++-------
  Melee: Hand axe          |    96 |   137 |   225 |       ||   458
         Headbutt          |    11 |    24 |    68 |    38 ||   141
         Punch             |       |     1 |     5 |       ||     6
         War axe           |       |       |   171 |   188 ||   359
 Invoke: Berserk           |       |     2 |     1 |     5 ||     8
         Trog's Hand       |       |     2 |       |       ||     2
         Brothers in Arms  |       |       |       |     1 ||     1
  Evoke: Wand              |       |       |       |     1 ||     1
    Use: Scroll            |       |       |    11 |       ||    11
         Potion            |       |       |       |     6 ||     6
 Armour: Animal skin       |    37 |       |       |       ||    37
         Leather armour    |    19 |     5 |       |       ||    24
         Plate armour      |       |   106 |   329 |   194 ||   629
  Dodge: Dodged            |    62 |    47 |   114 |    47 ||   270
  Block: Kite shield       |       |       |       |    63 ||    63

Table legend: (Time is in decaauts)
 A = Elapsed time spent in this place.
 B = Non-inter-level travel time spent in this place.
 C = Inter-level travel time spent in this place.
 D = Time resting spent in this place.
 E = Time spent auto-exploring this place.
 F = Levels seen in this place.
 G = Mean time per level.
                   A        B        C        D        E       F      G
               +--------+--------+--------+--------+--------+-----+--------+
         Total |   8767 |   8237 |    530 |    565 |   5809 |  12 |  730.6 |
       Dungeon |   8766 |   8236 |    530 |    565 |   5809 |  11 |  796.9 |
        Temple |      1 |      1 |      0 |      0 |      0 |   1 |    1.0 |
               +--------+--------+--------+--------+--------+-----+--------+

Top non-repeatable levels by time:
     D:4: 919 daAuts
     D:7: 912 daAuts
     D:1: 893 daAuts
     D:2: 868 daAuts
     D:3: 862 daAuts
     D:5: 847 daAuts
     D:9: 836 daAuts
     D:8: 833 daAuts
    D:10: 789 daAuts
     D:6: 765 daAuts
    D:11: 236 daAuts
  Temple: 1 daAuts
